 Dungeon Crawl Stone Soup version 0.31-a0-182-gc5ef74bbde (webtiles) character file.

Game seed: 14185431279078812928

58 IdlyInterested the Trooper (level 3, 0/30 HPs)
             Began as a Demonspawn Fighter on June 20, 2023.
             Slain by a goblin
             ... wielding a +0 club
             ... led by Robin
              (3 damage)
             ... on level 2 of the Dungeon.
             The game lasted 00:03:28 (1348 turns).

IdlyInterested the Trooper (Demonspawn Fighter)     Turns: 1348, Time: 00:03:29

Health: 0/30       AC: 12    Str: 18    XL:     3   Next: 75%
Magic:  3/3        EV:  5    Int:  9    God:
Gold:   76         SH:  0    Dex: 12    Spells: 2/2 levels left

rFire   + . .        a - +0 trident
rCold   . . .        (no shield)
rNeg    . . .        i - +0 plate armour
rPois   .            e - +1 hat
rElec   .            (no cloak)
rCorr   .            (no gloves)
SInv    .            (no boots)
Will    .....        (no amulet) Stlth
                     b - ring of protection from fire
HPRegen 0.25/turn    (no ring)
MPRegen 0.08/turn

%: no passive effects
@: mighty
A: claws 1
a: no special abilities


You were on level 2 of the Dungeon.
You visited 1 branch of the dungeon, and saw 2 of its levels.

You collected 76 gold pieces.

Inventory:

Hand Weapons
 a - a +0 trident (weapon)
Missiles
 g - 22 stones (quivered)
Armour
 c - a +0 buckler
 e - a +1 hat (worn)
 i - a +0 plate armour (worn)
Jewellery
 b - a ring of protection from fire (left claw)
Potions
 f - a potion of brilliance


   Skills:
 + Level 3.8 Fighting
 - Level 2.0 Polearms
 - Level 3.0 Armour
 - Level 1.0 Dodging
 + Level 0.5 Stealth
 - Level 2.6 Shields
 - Level 1.0 Unarmed Combat


You had 2 spell levels left.
You didn't know any spells.
Your spell library was empty.

Dungeon Overview and Level Annotations

Branches:
Dungeon (2/15)

Altars:
Fedhas

Annotations:
D:2 Robin


Innate Abilities, Weirdness & Mutations

You have sharp fingernails.


Message History

The hobgoblin hits you but does no damage.
The goblin hits you but does no damage. x2; The goblin barely misses you.
The goblin hits you with a +0 dagger.
* * * LOW HITPOINT WARNING * * *
The goblin hits you but does no damage. The goblin hits you with a +0 club.
* * * LOW HITPOINT WARNING * * *
The goblin hits you but does no damage. x2
The hobgoblin hits you but does no damage.
The goblin hits you but does no damage.
You closely miss the goblin.
The goblin is heavily wounded.
The goblin barely misses you.
The hobgoblin hits you but does no damage.
The goblin hits you but does no damage. x2; The goblin barely misses you.
The goblin hits you but does no damage.
Unknown command.
You closely miss the goblin.
The goblin is heavily wounded.
The goblin barely misses you.
The hobgoblin hits you but does no damage.
The goblin hits you but does no damage. x2; The goblin completely misses you.
The goblin barely misses you.
You puncture the goblin!
You kill the goblin!
The goblin hits you with a +0 dagger.
* * * LOW HITPOINT WARNING * * *
The hobgoblin barely misses you. The goblin hits you but does no damage.
The goblin barely misses you. x2
Unknown command.
Reach: a) +0 trident
Press: ? - help, Dir - move target, f/p - Robin
Aim: Robin, wielding a +0 falchion, wearing a +0 animal skin and wearing a +0 helmet (lightly wounded, about 35% to evade your +0 trident)
You reach to attack!
You puncture Robin!
Robin is severely wounded.
The goblin no longer looks unusually strong.
Robin roars a battlecry!
The goblins go into a battle-frenzy!
The goblin hits you but does no damage. The hobgoblin barely misses you.
The goblin barely misses you. x2; The goblin hits you with a +0 club.
You die...

,,,,,,,,,,*,* *,#.##...######,,
,,,,,,,,,,*,*****.#...........###
,,,,*,,,,,,,,,,,,...###..........
,,,,,,,,,,,,*****#..# #........#*
***,,,,***#,* ###..# #..##....#
*,,,,**##.####.#..##.........##
*,,,,,,.......g........##.##...
*,,,,,,......ggg......##...##.#
*,,,g..,.##.bg@#...#..#..#..#..
*,,.........>#)g.).#..#.#.#.#..
*,,g..g..#####g..#.#.....#†....
****#....* ##...##.#..#.#.#.#.. *
#.....##.....g....#..#..#.. *
#.........)....#..##...##.. *
*#.#..(.#########..##.##... *
*,#....#.................. *
*,#....#.##.......#......#


You could see Robin, 2 hobgoblins, 4 goblins and a bat.

Vanquished Creatures
  2 dart slugs (D:1)
  A bat (D:1)
  5 endoplasms
  2 giant cockroaches (D:1)
  10 goblins
  2 hobgoblins (D:1)
  8 jackals
  3 kobolds (D:1)
  3 quokkas
  3 frilled lizards
  5 rats
44 creatures vanquished.

Notes
Turn   | Place    | Note
-------+----------+-------------------------------------------
     0 | D:1      | IdlyInterested the Demonspawn Fighter began the quest for
                  | the Orb.
     0 | D:1      | Reached XP level 1. HP: 18/18 MP: 1/1
   139 | D:1      | Gained mutation: You have sharp fingernails. [demonic
                  | ancestry]
   139 | D:1      | Reached XP level 2. HP: 24/24 MP: 2/2
   257 | D:1      | Reached skill level 1 in Unarmed Combat
   442 | D:1      | Reached XP level 3. HP: 28/29 MP: 3/3
  1163 | D:2      | Found a blossoming altar of Fedhas.
  1218 | D:2      | Reached skill level 1 in Dodging
  1307 | D:2      | Noticed Robin
  1348 | D:2      | Slain by a goblin

Illustrated notes

Levels and vault maps discovered:
D:1:      nagdon_arrival_double_spiral, layout_loops_ring
D:2:      layout_basic, basic_altar, minmay_box_of_dots, uniq_robin

Skill      XL: |  1  2  3 |
---------------+----------+-----
Polearms       | 2 |  2.0
Armour         | 3 |  3.0
Unarmed Combat | 1 |  1.0
Dodging        | 1 |  1.0
Fighting       | |  3.8
Stealth        | |  0.5
Shields        | |  2.6

Action                     || total
---------------------------++-------
  Melee: Trident           ||   160
         Punch             ||     1
  Throw: Stone             ||     3
    Use: Scroll            ||     2
         Potion            ||     1
 Armour: Scale mail        ||    42
         Plate armour      ||   107
  Dodge: Dodged            ||    90
  Block: Buckler           ||     4

Table legend: (Time is in decaauts)
 A = Elapsed time spent in this place.
 B = Non-inter-level travel time spent in this place.
 C = Inter-level travel time spent in this place.
 D = Time resting spent in this place.
 E = Time spent auto-exploring this place.
 F = Levels seen in this place.
 G = Mean time per level.
                   A        B        C        D        E       F      G
               +--------+--------+--------+--------+--------+-----+--------+
         Total |   1380 |   1195 |    185 |     51 |    715 |   2 |  690.0 |
       Dungeon |   1380 |   1195 |    185 |     51 |    715 |   2 |  690.0 |
               +--------+--------+--------+--------+--------+-----+--------+

Top non-repeatable levels by time:
     D:1: 1178 daAuts
     D:2: 202 daAuts
